MWL (24 & UNDER)
PLUMSTEAD EAGLES @ LEE'S SUMMIT TIGERS
09/02/2023
 
TOP OF THE 1ST
Plumstead Eagles batting - Pitching for Lee's Summit Tigers : LHP John Livingston
Pitching: LHP John Livingston
Batting: LHB Miguel Colón 0-0: Ball
1-0: Called Strike
1-1: Foul Ball, location: 2F
1-2: Foul Ball, location: 2F
1-2: Ball
2-2: Foul Ball, location: 2F
2-2: DOUBLE (Line Drive, 78M)
Batting: RHB José Moreno 0-0: Called Strike
0-1: Fly out, F8 (Line Drive, 8LS)
Batting: LHB Eduardo Rodríguez 0-0: SINGLE (Line Drive, 6D)
Miguel Colón to third
Runner from 3rd tries for Home, SAFE, no throw or cutoff
Batting: RHB Germano Labrego 0-0: Called Strike
0-1: Foul Ball, location: 2F
0-2: Ball
1-2: Strikes out swinging
Batting: SHB Nate Rhodes 0-0: Called Strike
0-1: Ball
1-1: Swinging Strike
1-2: Ball
2-2: SINGLE (Flyball, 78S)
Eduardo Rodríguez to second
Batting: RHB Juan Magdayao 0-0: Foul Ball, location: 2F
0-1: Ball
1-1: Ball
2-1: Ball
3-1: Base on Balls
Eduardo Rodríguez to third
Nate Rhodes to second
Batting: RHB Tim Gardner 0-0: Ball
1-0: Fly out, F4 (Popup, 34)
Top of the 1st over - 1 run(s), 3 hit(s), 0 error(s), 3 left on base; Plumstead 1 - Lee's Summit 0
BOTTOM OF THE 1ST
Lee's Summit Tigers batting - Pitching for Plumstead Eagles : RHP Luis Silva
Pitching: RHP Luis Silva
Batting: LHB Andrés Arredondo 0-0: Ball
1-0: Swinging Strike
1-1: Called Strike
1-2: Strikes out swinging
Batting: RHB Ed Watkins 0-0: Called Strike
0-1: DOUBLE (Line Drive, 56D)
Batting: RHB Norberto Taváres 0-0: Ball
1-0: Ball
2-0: Ball
3-0: Called Strike
3-1: Ground out 4-3 (Groundball, 4)
Ed Watkins to third
Batting: RHB Desi Thompson 0-0: 2-RUN HOME RUN (Flyball, 7D), Distance : 366 ft
Batting: LHB Alfredo Sánchez 0-0: SOLO HOME RUN (Flyball, 8LXD), Distance : 391 ft
Batting: LHB Juan Hinojosa 0-0: Fly out, F8 (Flyball, 8RD)
Bottom of the 1st over - 3 run(s), 3 hit(s), 0 error(s), 0 left on base; Plumstead 1 - Lee's Summit 3
TOP OF THE 2ND
Plumstead Eagles batting - Pitching for Lee's Summit Tigers : LHP John Livingston
Batting: RHB J.J. Leslie 0-0: Fly out, F8 (Flyball, 8RD)
Batting: RHB Louis Smith 0-0: Swinging Strike
0-1: Swinging Strike
0-2: Strikes out swinging
Batting: LHB Miguel Colón 0-0: SINGLE (Line Drive, 4D)
Batting: RHB José Moreno 0-0: SINGLE (Line Drive, 4MD)
Miguel Colón to second
Batting: LHB Eduardo Rodríguez 0-0: Ball
1-0: Called Strike
1-1: Foul Ball, location: 2F
1-2: Fly out, F7 (Popup, 56D)
Top of the 2nd over - 0 run(s), 2 hit(s), 0 error(s), 2 left on base; Plumstead 1 - Lee's Summit 3
BOTTOM OF THE 2ND
Lee's Summit Tigers batting - Pitching for Plumstead Eagles : RHP Luis Silva
Batting: RHB Sidney Ware 0-0: Foul Ball, location: 2F
0-1: Ball
1-1: Ball
2-1: Ball
3-1: Base on Balls
Batting: RHB Doug Delaney 0-0: Ball
1-0: Fly out, F8 (Flyball, 8LM)
Batting: SHB Shane Hutchinson 0-0: Fielders Choice at 2nd, 3-6 (Groundball, 3)
Batting: LHB Andrés Arredondo 0-0: Called Strike
0-1: Ball
1-1: Called Strike
1-2: Ball
2-2: Strikes out swinging
Bottom of the 2nd over - 0 run(s), 0 hit(s), 0 error(s), 1 left on base; Plumstead 1 - Lee's Summit 3
TOP OF THE 3RD
Plumstead Eagles batting - Pitching for Lee's Summit Tigers : LHP John Livingston
Batting: RHB Germano Labrego 0-0: Called Strike
0-1: Swinging Strike
0-2: Ball
1-2: Ball
2-2: Ball
3-2: Strikes out swinging
Batting: SHB Nate Rhodes 0-0: Called Strike
0-1: Ball
1-1: Ball
2-1: Ball
3-1: Called Strike
3-2: Foul Ball, location: 2F
3-2: Base on Balls
Batting: RHB Juan Magdayao 0-0: Ball
1-0: Grounds into double play, 4-6-3 (Groundball, 34)
Top of the 3rd over - 0 run(s), 0 hit(s), 0 error(s), 0 left on base; Plumstead 1 - Lee's Summit 3
BOTTOM OF THE 3RD
Lee's Summit Tigers batting - Pitching for Plumstead Eagles : RHP Luis Silva
Batting: RHB Ed Watkins 0-0: Called Strike
0-1: Called Strike
0-2: Ball
1-2: Ball
2-2: Ball
3-2: Foul Ball, location: 2F
3-2: Ground out 4-3 (Groundball, 4)
Batting: RHB Norberto Taváres 0-0: Ball
1-0: Foul Ball, location: 2F
1-1: Called Strike
1-2: Ground out 1-3 (Groundball, 13S)
Batting: RHB Desi Thompson 0-0: Swinging Strike
0-1: Foul Ball, location: 2F
0-2: DOUBLE (Flyball, 8RD)
Batting: LHB Alfredo Sánchez 0-0: Ball
1-0: Foul Ball, location: 2F
1-1: Ball
Desi Thompson steals 3rd base
2-1: Ground out 4-3 (Groundball, 34)
Bottom of the 3rd over - 0 run(s), 1 hit(s), 0 error(s), 1 left on base; Plumstead 1 - Lee's Summit 3
TOP OF THE 4TH
Plumstead Eagles batting - Pitching for Lee's Summit Tigers : LHP John Livingston
Batting: RHB Tim Gardner 0-0: Called Strike
0-1: Fly out, F3 (Popup, 23F)
Batting: RHB J.J. Leslie 0-0: Ball
1-0: Ball
2-0: Called Strike
2-1: Foul Ball, location: 2F
2-2: Strikes out swinging
Batting: RHB Louis Smith 0-0: Ball
1-0: Fly out, F9 (Flyball, 89D)
Top of the 4th over - 0 run(s), 0 hit(s), 0 error(s), 0 left on base; Plumstead 1 - Lee's Summit 3
BOTTOM OF THE 4TH
Lee's Summit Tigers batting - Pitching for Plumstead Eagles : RHP Luis Silva
Batting: LHB Juan Hinojosa 0-0: Foul Ball, location: 2F
0-1: Bunted foul
0-2: SINGLE (Groundball, 5L)
Batting: RHB Sidney Ware 0-0: Ball
1-0: Called Strike
1-1: Swinging Strike
1-2: Ground out 5-3 (Groundball, 5S)
Juan Hinojosa to second
Batting: RHB Doug Delaney 0-0: Ball
1-0: Ball
2-0: Called Strike
2-1: Ball
3-1: Foul Ball, location: 2F
3-2: Foul Ball, location: 2F
3-2: Base on Balls
Batting: SHB Shane Hutchinson 0-0: Called Strike
0-1: Ball
1-1: Ground out 5-3 (Groundball, 5S)
Juan Hinojosa to third
Doug Delaney to second
Batting: LHB Andrés Arredondo 0-0: Foul Ball, location: 2F
0-1: Ball
1-1: Foul Ball, location: 2F
1-2: Strikes out looking
Bottom of the 4th over - 0 run(s), 1 hit(s), 0 error(s), 2 left on base; Plumstead 1 - Lee's Summit 3
TOP OF THE 5TH
Plumstead Eagles batting - Pitching for Lee's Summit Tigers : LHP John Livingston
Batting: LHB Miguel Colón 0-0: Bunted foul
0-1: Ground out 4-3 (Groundball, 4)
Batting: RHB José Moreno 0-0: Ball
1-0: Bunt missed!
1-1: Swinging Strike
1-2: Ball
2-2: Foul Ball, location: 2F
2-2: Foul Ball, location: 2F
2-2: Ball
3-2: Ground out 6-3 (Groundball, 6)
Batting: LHB Eduardo Rodríguez 0-0: Foul Ball, location: 2F
0-1: SINGLE (Groundball, 4MD)
Batting: RHB Germano Labrego 0-0: Ball
1-0: Ball
2-0: Called Strike
2-1: Called Strike
2-2: Fielders Choice at 2nd, 5-4 (Groundball, 56)
Top of the 5th over - 0 run(s), 1 hit(s), 0 error(s), 0 left on base; Plumstead 1 - Lee's Summit 3
BOTTOM OF THE 5TH
Lee's Summit Tigers batting - Pitching for Plumstead Eagles : RHP Luis Silva
Batting: RHB Ed Watkins 0-0: Called Strike
0-1: Foul Ball, location: 2F
0-2: Ball
1-2: Ball
2-2: Ground out 4-3 (Groundball, 4)
Batting: RHB Norberto Taváres 0-0: Called Strike
0-1: SINGLE (Line Drive, 89M)
Batting: RHB Desi Thompson 0-0: Ball
1-0: Foul Ball, location: 2F
1-1: Foul Ball, location: 2F
1-2: Ball
2-2: Strikes out swinging
Batting: LHB Alfredo Sánchez 0-0: Ball
Norberto Taváres is caught stealing 2nd base
Bottom of the 5th over - 0 run(s), 1 hit(s), 0 error(s), 0 left on base; Plumstead 1 - Lee's Summit 3
TOP OF THE 6TH
Plumstead Eagles batting - Pitching for Lee's Summit Tigers : LHP John Livingston
Batting: SHB Nate Rhodes 0-0: Swinging Strike
0-1: Foul Ball, location: 2F
0-2: Fly out, F3 (Popup, 3L)
Batting: RHB Juan Magdayao 0-0: Ball
1-0: Foul Ball, location: 2F
1-1: Called Strike
1-2: Ball
2-2: Foul Ball, location: 2F
2-2: SINGLE (Groundball, 56)
Pitching: RHP Ángel Guzmán
Batting: RHB Tim Gardner 0-0: Called Strike
0-1: Ball
1-1: DOUBLE (Groundball, 3L)
Juan Magdayao to third
Batting: RHB J.J. Leslie 0-0: Ball
1-0: Foul Ball, location: 2F
1-1: Foul Ball, location: 2F
1-2: Strikes out swinging
Batting: RHB Louis Smith 0-0: Ball
1-0: Ball
2-0: Foul Ball, location: 2F
2-1: Foul Ball, location: 2F
2-2: Strikes out swinging
Top of the 6th over - 0 run(s), 2 hit(s), 0 error(s), 2 left on base; Plumstead 1 - Lee's Summit 3
BOTTOM OF THE 6TH
Lee's Summit Tigers batting - Pitching for Plumstead Eagles : RHP Luis Silva
Batting: LHB Alfredo Sánchez 0-0: Swinging Strike
0-1: Ball
1-1: Called Strike
1-2: Ball
2-2: Strikes out looking
Batting: LHB Juan Hinojosa 0-0: Ball
1-0: Called Strike
1-1: Foul Ball, location: 2F
1-2: Foul Ball, location: 2F
1-2: Ball
2-2: Foul Ball, location: 2F
2-2: Ground out U3 (Groundball, 3)
Batting: RHB Sidney Ware 0-0: Ball
1-0: Ground out 4-3 (Groundball, 4)
Bottom of the 6th over - 0 run(s), 0 hit(s), 0 error(s), 0 left on base; Plumstead 1 - Lee's Summit 3
TOP OF THE 7TH
Plumstead Eagles batting - Pitching for Lee's Summit Tigers : RHP Ángel Guzmán
Batting: LHB Miguel Colón 0-0: Ball
1-0: Ball
2-0: SOLO HOME RUN (Flyball, 9D), Distance : 342 ft
Batting: RHB José Moreno 0-0: Ball
1-0: Swinging Strike
1-1: Ball
2-1: Ball
3-1: Foul Ball, location: 2F
3-2: Base on Balls
Batting: LHB Eduardo Rodríguez 0-0: Ball
1-0: Called Strike
1-1: Called Strike
1-2: Strikes out swinging
Batting: RHB Germano Labrego 0-0: Called Strike
0-1: Foul Ball, location: 2F
0-2: Foul Ball, location: 2F
0-2: Ball
1-2: Ball
2-2: Ball
3-2: Foul Ball, location: 2F
3-2: Strikes out swinging
Pitching: RHP Javier Pacheco
Batting: SHB Nate Rhodes 0-0: Ball
1-0: Ball
2-0: Ball
3-0: Base on Balls
José Moreno to second
Pinch Hitting: RHB Norogumi Tanaka 0-0: Ball
1-0: Called Strike
1-1: Foul Ball, location: 2F
1-2: Strikes out looking
Top of the 7th over - 1 run(s), 1 hit(s), 0 error(s), 2 left on base; Plumstead 2 - Lee's Summit 3
BOTTOM OF THE 7TH
Lee's Summit Tigers batting - Pitching for Plumstead Eagles : RHP Luis Silva
Pitching: LHP Dave Watkins
Now at 2B: Ron King
Batting: RHB Doug Delaney 0-0: Called Strike
0-1: Swinging Strike
0-2: Ball
1-2: Ball
2-2: Strikes out swinging
Batting: SHB Shane Hutchinson 0-0: Ball
1-0: Called Strike
1-1: Ball
2-1: Ball
3-1: Called Strike
3-2: Foul Ball, location: 2F
3-2: Foul Ball, location: 2F
3-2: Foul Ball, location: 2F
3-2: Base on Balls
Pinch Hitting: RHB James Stevens 0-0: Ball
1-0: Ball
2-0: Called Strike
2-1: Called Strike
2-2: Grounds into double play, 6-4-3 (Groundball, 6)
Bottom of the 7th over - 0 run(s), 0 hit(s), 0 error(s), 0 left on base; Plumstead 2 - Lee's Summit 3
TOP OF THE 8TH
Plumstead Eagles batting - Pitching for Lee's Summit Tigers : RHP Javier Pacheco
Pitching: RHP Augusto Pérez
Now in RF: Bill Frazier
Batting: RHB Tim Gardner 0-0: Called Strike
0-1: Ball
1-1: Foul Ball, location: 2F
1-2: SINGLE (Groundball, 56)
Pinch Runner at 1st Howard Johnson:
Batting: RHB J.J. Leslie 0-0: Foul Ball, location: 2F
0-1: Ball
1-1: Called Strike
1-2: Ball
2-2: Ball
3-2: Foul Ball, location: 2F
3-2: Base on Balls
Howard Johnson to second
Batting: RHB Louis Smith 0-0: Ball
1-0: Called Strike
1-1: DOUBLE (Line Drive, 5D)
Howard Johnson scores
J.J. Leslie to third
Batting: LHB Miguel Colón 0-0: Intentional Walk
Pinch Hitting: RHB David Moran 0-0: SINGLE (Line Drive, 34)
J.J. Leslie scores
Louis Smith to third
Miguel Colón to second
Batting: LHB Eduardo Rodríguez 0-0: Ball
1-0: Ball
2-0: Grounds into fielders choice 4-2 (Groundball, 4)
Miguel Colón to third
David Moran to second
Batting: RHB Germano Labrego 0-0: Ball
1-0: Called Strike
1-1: Called Strike
1-2: Ball
2-2: Ball
3-2: Base on Balls
Miguel Colón scores
David Moran to third
Eduardo Rodríguez to second
Batting: SHB Nate Rhodes 0-0: Called Strike
0-1: Called Strike
0-2: Ball
1-2: Fielders Choice at 2nd, 4-6 (Groundball, 4)
David Moran scores
Eduardo Rodríguez to third
Pitching: RHP Pedro Rivera
Batting: RHB Ron King 0-0: Ball
1-0: Ball
2-0: Swinging Strike
2-1: Swinging Strike
2-2: Ball
3-2: Base on Balls
Nate Rhodes to second
Batting: RHB Howard Johnson 0-0: Swinging Strike
0-1: Swinging Strike
0-2: Foul Ball, location: 2F
0-2: Ball
1-2: Foul Ball, location: 2F
1-2: Strikes out swinging
Top of the 8th over - 4 run(s), 3 hit(s), 0 error(s), 3 left on base; Plumstead 6 - Lee's Summit 3
BOTTOM OF THE 8TH
Lee's Summit Tigers batting - Pitching for Plumstead Eagles : LHP Dave Watkins
Now at 3B: David Moran
Now at SS: Pablo Villarreal
Batting: RHB Ed Watkins 0-0: Called Strike
0-1: Bunt for hit - play at first, batter safe!
Batting: RHB Norberto Taváres 0-0: Foul Ball, location: 2F
0-1: Ball
1-1: Foul Ball, location: 2F
1-2: Ball
2-2: Ball
3-2: Strikes out swinging
Batting: RHB Desi Thompson 0-0: Foul Ball, location: 2F
0-1: Swinging Strike
0-2: Strikes out swinging
Pitching: LHP Pat Bruce
Batting: LHB Alfredo Sánchez 0-0: Ball
1-0: Called Strike
1-1: Called Strike
1-2: Ball
2-2: Ball
3-2: Foul Ball, location: 2F
3-2: Foul Ball, location: 2F
3-2: Strikes out swinging
Bottom of the 8th over - 0 run(s), 1 hit(s), 0 error(s), 1 left on base; Plumstead 6 - Lee's Summit 3
TOP OF THE 9TH
Plumstead Eagles batting - Pitching for Lee's Summit Tigers : RHP Pedro Rivera
Batting: RHB J.J. Leslie 0-0: Ground out 4-3 (Groundball, 4)
Batting: RHB Louis Smith 0-0: Called Strike
0-1: Swinging Strike
0-2: Ball
1-2: Fly out, F9 (Flyball, 9M)
Batting: LHB Miguel Colón 0-0: Ball
1-0: Ball
2-0: Ball
3-0: Called Strike
3-1: Foul Ball, location: 2F
3-2: Foul Ball, location: 2F
3-2: Foul Ball, location: 2F
3-2: Base on Balls
Batting: RHB David Moran 0-0: Ball
Miguel Colón is caught stealing 2nd base
Top of the 9th over - 0 run(s), 0 hit(s), 0 error(s), 0 left on base; Plumstead 6 - Lee's Summit 3
BOTTOM OF THE 9TH
Lee's Summit Tigers batting - Pitching for Plumstead Eagles : LHP Pat Bruce
Pitching: RHP Jeremy Murray
Batting: LHB Juan Hinojosa 0-0: Ground out 5-3 (Groundball, 5)
Batting: RHB Sidney Ware 0-0: Foul Ball, location: 2F
0-1: Ball
1-1: Called Strike
1-2: Ball
2-2: Foul Ball, location: 2F
2-2: Ball
3-2: Ground out 6-3 (Groundball, 6M)
Batting: RHB Doug Delaney 0-0: Ball
1-0: Called Strike
1-1: Swinging Strike
1-2: Strikes out looking
Bottom of the 9th over - 0 run(s), 0 hit(s), 0 error(s), 0 left on base; Plumstead 6 - Lee's Summit 3
This league is powered by Out of the Park Baseball, the baseball management simulation game for PC, Mac and Linux
Wednesday, December 2nd, 2015 - OOTP Baseball 16.8 Build 38